 Yiufcrawl Soup (a DCSS fork) version 1.5.2b1-yiuf-19-g91104ff (webtiles) character file.

11186 TittyCrusher the Severer (level 11, -2/75 HPs)
             Began as a Lava Orc Fighter on Jan 25, 2018.
             Was a High Priest of Okawaru.
             Slain by an unseen horror (4 damage)
             ... on level 11 of the Dungeon.
             The game lasted 00:29:09 (10702 turns).

TittyCrusher the Severer (Lava Orc Fighter)        Turns: 10702, Time: 00:29:10

Health: -2/75      AC: 18    Str: 21    XL:     11   Next: 46%
Magic:  0/11       EV:  7    Int:  9    God:    Okawaru [*****.]
Gold:   558        SH:  0    Dex: 15    Spells: 10/10 levels left

rFire    + + +     SeeInvis +   a - +3 battleaxe
rCold    . . .     Gourm    .   (shield currently unavailable)
rNeg     . . .     Faith    .   s - +0 plate armour {rC+}
rPois    +         Spirit   +   (helmet restricted)
rElec    .         Reflect  .   (no cloak)
rCorr    +         Harm     .   S - +1 pair of gloves
MR       .....                  R - +0 pair of boots
Stlth    ..........             i - amulet of guardian spirit
Regen    0.3/turn               e - ring of poison resistance
MPRegen  0.2/turn               y - ring of Dopedefi {rCorr *Corrode rPois Dex+4 SInv}

@: hasted, very quick
A: temperature effects, low MR, antennae 1, slimy green scales 1, yellow scales
1, blink, fire resistance 1, sense surroundings 1, evolution 1, sturdy frame 1
a: Blink, Heroism, Finesse, Renounce Religion


You were on level 11 of the Dungeon.
You worshipped Okawaru.
Okawaru was extremely pleased with you.
You were not hungry.

You visited 2 branches of the dungeon, and saw 12 of its levels.

You collected 733 gold pieces.
You spent 175 gold pieces at shops.

Inventory:

Hand Weapons
 a - a +3 battleaxe (weapon)
 b - a +0 war axe of flaming
Armour
 c - a +0 shield
 p - a +1 helmet
 s - a +0 plate armour of cold resistance (worn)
 R - a +0 pair of boots (worn)
 S - a +1 pair of gloves (worn)
Magical Staves
 H - an uncursed staff of cold {unknown}
Jewellery
 d - an uncursed ring of see invisible
 e - a ring of poison resistance (left hand)
 i - an amulet of guardian spirit (around neck)
 k - an uncursed ring of stealth
 y - the ring of Dopedefi (right hand) {rCorr *Corrode rPois Dex+4 SInv}
   (You found it on level 5 of the Dungeon)

   [ring of resist corrosion]

   It affects your dexterity (+4).
   It protects you from poison.
   It lets you see invisible.
   It may corrode you when you take damage.
 A - an uncursed ring of protection from magic
Wands
 q - a wand of flame (15/48)
 v - a wand of lightning (5/15)
 x - a wand of polymorph (7/24)
 F - a wand of random effects (12/48)
 K - a wand of paralysis (8/24)
 L - a wand of random effects (36/48)
 M - a wand of random effects (33/48)
Scrolls
 g - 4 scrolls of teleportation
 h - a scroll of fear
 l - a scroll of blinking
 u - a scroll of remove curse
 E - 2 scrolls of recharging
 I - a scroll of amnesia
 J - a scroll of fog
 O - a scroll of immolation
Potions
 j - a potion of might
 m - a potion of brilliance
 n - 2 potions of flight
 t - 4 potions of lignification
 w - a potion of haste
 B - 2 potions of berserk rage
 C - 2 potions of mutation
 D - a potion of resistance
 G - 2 potions of cancellation
Miscellaneous
 P - a sack of spiders
Comestibles
 f - 2 bread rations
 o - 10 royal jellies
 r - 5 chunks of flesh
 z - 4 fruits


   Skills:
 - Level 3.0 Fighting
 + Level 19.7 Axes
 - Level 3.6 Armour
 - Level 3.2 Shields


You had 10 spell levels left.
You didn't know any spells.

Dungeon Overview and Level Annotations

Branches:
Dungeon (11/15)            Temple (1/1) D:4            Lair (0/6) D:11
    Orc (0/2) D:10

Altars:
Ashenzari
Cheibriados
Dithmenos
Elyvilon
Fedhas
Gozag
Hepliaklqana
Kikubaaqudgha
Makhleb
Nemelex Xobeh
Okawaru
Qazlal
Ru
Sif Muna
Trog
Uskayaw
Vehumet
Wu Jian
Xom
Yredelemnul
Zin
The Shining One
Lugonu

Shops:
D:10 [

Annotations:
D:11 Nergalle


Innate Abilities, Weirdness & Mutations

You have somewhat poor natural magic resistance.
When you heat up, it can burn adjacent foes.
Your Earth and Fire spells are enhanced.
You are nearly immune to fire, but susceptible to cold damage.
Your blazing heat sears nearby attackers.
You have a pair of small antennae on your head.
You are partially covered in slimy green scales. (AC +2)
You are partially covered in yellow scales. (AC +2)
You can translocate small distances at will.
Your flesh is heat resistant. (rF+)
You passively map a small area around you.
You evolve.
Your movements are slightly less encumbered by armour. (ER -2)


Message History

The unseen horror hits you but does no damage.
The unseen horror is singed by your heat.
The unseen horror is lightly wounded.
Unknown command.
The unseen horror hits you but does no damage.
The unseen horror is singed by your heat.
The unseen horror is lightly wounded.
The kobold demonologist mumbles some strange words.
Unknown command.
Unknown command.
Unknown command.
Unknown command.
The unseen horror completely misses you.
Unknown command.
Unknown command.
Unknown command.
A crimson imp comes into view.
The crimson imp shouts!
The unseen horror hits you.
You die...

, , , ,,
#...5......
, *
#.....>...#
,
#.........#
*
#.........#
#.........#
*
#.........#
#.........#
#.5.K5@.>.#
*
#..T5x....#
,
#.........#
#....Y....#
,
#.....<...#
#....Y....#
#.........#
, * *
#.....Y...#
#.........#


You could see a kobold demonologist, 3 yaks, a troll, an unseen horror
(invisible), 2 crimson imps, a shadow imp and an ufetubus.

Vanquished Creatures
  5 two-headed ogres
  An unseen horror (D:10)
  Joseph (D:10)
  A troll (D:9)
  The ghost of grasspergers the Sneak, an amateur SEAs (D:3)
  2 hippogriffs
  2 wyverns
  3 yaks (D:9)
  4 wargs (D:10)
  A water moccasin (D:10)
  An eye of draining (D:10)
  3 ice beasts
  4 orc warriors
  2 sky beasts (D:11)
  2 black bears (D:8)
  4 phantoms
  7 ogres
  A necrophage (D:11)
  A centaur (D:10)
  A big kobold (D:7)
  2 bullfrogs (D:6)
  A wyvern zombie (D:6)
  2 scorpions
  6 killer bees
  11 wights
  4 howler monkeys
  2 crimson imps
  2 bullfrog zombies
  A quasit (D:10)
  4 hounds
  2 jellies
  12 orc priests
  A centaur skeleton (D:7)
  4 iguanas
  9 orc wizards
  Ijyb (D:5)
  Natasha (thrice) (D:4)
  8 worker ants
  3 hound zombies
  Robin (D:4)
  4 gnolls (D:4)
  10 adders
  2 howler monkey skeletons
  A shadow imp (D:5)
  3 oozes
  An adder zombie (D:5)
  An adder skeleton (D:7)
  4 worms
  2 dart slugs
  3 leopard geckos
  44 orcs
  A ball python (D:1)
  3 giant cockroaches
  13 goblins
  12 hobgoblins
  6 jackals
  5 quokkas
  6 bats
  6 frilled lizards
  A jackal zombie (D:5)
  9 kobolds
  4 rats
267 creatures vanquished.

Notes
Turn   | Place    | Note
-------+----------+-------------------------------------------
     0 | D:1      | TittyCrusher the Lava Orc Fighter began the quest for the Orb.
     0 | D:1      | Reached XP level 1. HP: 18/18 MP: 1/1
   121 | D:1      | Reached skill level 3 in Axes
   197 | D:1      | Reached XP level 2. HP: 23/24 MP: 2/2
   431 | D:2      | Reached skill level 4 in Axes
   459 | D:2      | Reached XP level 3. HP: 13/29 MP: 0/3
  1087 | D:2      | Reached skill level 5 in Axes
  1324 | D:2      | Reached XP level 4. HP: 33/35 MP: 4/4
  1730 | D:2      | Found a shattered altar of Ashenzari.
  1775 | D:2      | Found a shattered altar of Ashenzari.
  1794 | D:2      | Found a basalt altar of Yredelemnul.
  2141 | D:3      | Reached skill level 6 in Axes
  2361 | D:3      | Noticed grasspergers's ghost (amateur SEAs)
  2363 | D:3      | Gained mutation: Your mind is acute. (Int +3) [potion of mutation]
  2363 | D:3      | Gained mutation: You occasionally shout uncontrollably at your foes. [potion of mutation]
  2363 | D:3      | Gained mutation: Your flesh is heat resistant. (rF+) [potion of mutation]
  2363 | D:3      | Gained mutation: Scrolls take you a little longer to read. [potion of mutation]
  2363 | D:3      | Gained mutation: Your muscles are strong. (Str +3) [potion of mutation]
  2371 | D:3      | Killed grasspergers's ghost
  2371 | D:3      | Reached skill level 7 in Axes
  2371 | D:3      | Reached XP level 5. HP: 25/41 MP: 3/5
  2371 | D:3      | Reached XP level 6. HP: 29/47 MP: 3/6
  2639 | D:3      | Reached skill level 8 in Axes
  3013 | D:4      | Found a shimmering altar of Xom.
  3015 | D:4      | Found a shimmering altar of Xom.
  3015 | D:4      | Found a shimmering altar of Xom.
  3015 | D:4      | Found a faded altar of an unknown god.
  3015 | D:4      | Found a shimmering altar of Xom.
  3016 | D:4      | Found a corrupted altar of Lugonu.
  3016 | D:4      | Found a shimmering altar of Xom.
  3016 | D:4      | Found a sparkling altar of Nemelex Xobeh.
  3017 | D:4      | Found a shimmering altar of Xom.
  3018 | D:4      | Noticed Robin
  3031 | D:4      | Killed Robin
  3087 | D:4      | Found a staircase to the Ecumenical Temple.
  3100 | D:4      | Reached skill level 9 in Axes
  3110 | Temple   | Entered the Ecumenical Temple
  3397 | D:4      | Found a shadowy altar of Dithmenos.
  3417 | D:4      | Reached XP level 7. HP: 51/52 MP: 5/7
  3449 | D:4      | Noticed Natasha
  3457 | D:4      | Killed Natasha
  3535 | D:4      | Noticed Natasha
  3541 | D:4      | Killed Natasha
  3541 | D:4      | Reached skill level 10 in Axes
  3771 | D:4      | Noticed Natasha
  3782 | D:4      | Killed Natasha
  3786 | D:4      | Lost mutation: Scrolls take you a little longer to read. [potion of mutation]
  3786 | D:4      | Lost mutation: Your muscles are strong. (Str +3) [potion of mutation]
  3786 | D:4      | Lost mutation: Your mind is acute. (Int +3) [potion of mutation]
  3786 | D:4      | Gained mutation: You passively map a small area around you. [potion of mutation]
  3786 | D:4      | Gained mutation: You evolve. [potion of mutation]
  3786 | D:4      | Gained mutation: You are partially covered in yellow scales. (AC +2) [potion of mutation]
  3786 | D:4      | Gained mutation: You are partially covered in slimy green scales. (AC +2) [potion of mutation]
  3786 | D:4      | Gained mutation: You can translocate small distances at will. [potion of mutation]
  3786 | D:4      | Gained mutation: Your movements are slightly less encumbered by armour. (ER -2) [potion of mutation]
  3933 | D:5      | Entered Level 5 of the Dungeon
  4122 | D:5      | Found a snail-covered altar of Cheibriados.
  4292 | D:5      | Found an iron altar of Okawaru.
  4313 | D:5      | Got a clouded bone ring
  4314 | D:5      | Identified the ring of Dopedefi {rCorr *Corrode rPois Dex+4 SInv} (You found it on level 5 of the Dungeon)
  4329 | D:5      | Became a worshipper of Warmaster Okawaru
  4350 | D:5      | Lost mutation: You occasionally shout uncontrollably at your foes. [evolution]
  4353 | D:5      | Reached skill level 11 in Axes
  4473 | D:5      | Reached XP level 8. HP: 58/58 MP: 8/8
  4966 | D:5      | Noticed Ijyb
  4971 | D:5      | Killed Ijyb
  4985 | D:5      | Found a white marble altar of Elyvilon.
  5110 | D:5      | Found an ornate altar of the Wu Jian Council.
  5221 | D:6      | Reached skill level 12 in Axes
  5541 | D:6      | Reached * piety under Okawaru
  5739 | D:6      | Reached skill level 13 in Axes
  6112 | D:7      | Reached XP level 9. HP: 63/63 MP: 9/9
  6196 | D:7      | Reached skill level 14 in Axes
  6311 | D:7      | Found an opulent altar of Gozag.
  6368 | D:7      | Found a glowing silver altar of Zin.
  6408 | D:7      | Reached ** piety under Okawaru
  6425 | D:7      | Found a bloodstained altar of Trog.
  6425 | D:7      | Found an iron altar of Okawaru.
  6761 | D:8      | Noticed a two-headed ogre
  6774 | D:8      | Killed a two-headed ogre
  6774 | D:8      | Reached *** piety under Okawaru
  6774 | D:8      | Reached skill level 15 in Axes
  7020 | D:8      | Reached skill level 16 in Axes
  7203 | D:8      | Reached XP level 10. HP: 30/70 MP: 4/10
  7581 | D:8      | Found a blossoming altar of Fedhas.
  7614 | D:8      | Found a sparkling altar of Nemelex Xobeh.
  7705 | D:8      | Found a radiant altar of Vehumet.
  7709 | D:8      | Found a burning altar of Makhleb.
  7754 | D:8      | Gained mutation: You have a pair of small antennae on your head. [evolution]
  7944 | D:9      | Reached **** piety under Okawaru
  7975 | D:9      | Found a shimmering altar of Xom.
  8136 | D:9      | Reached skill level 17 in Axes
  8197 | D:9      | Noticed a two-headed ogre
  8213 | D:9      | Killed a two-headed ogre
  8863 | D:10     | Entered Level 10 of the Dungeon
  8867 | D:10     | Noticed an unseen horror
  8876 | D:10     | Killed an unseen horror
  8876 | D:10     | Reached skill level 18 in Axes
  8887 | D:10     | Reached ***** piety under Okawaru
  9161 | D:10     | Found a staircase to the Orcish Mines.
  9335 | D:10     | Noticed Joseph
  9350 | D:10     | Killed Joseph
  9368 | D:10     | Reached XP level 11. HP: 73/75 MP: 11/11
  9406 | D:10     | Noticed a two-headed ogre
  9426 | D:10     | Killed a two-headed ogre
  9724 | D:10     | Noticed a two-headed ogre
  9744 | D:10     | Killed a two-headed ogre
  9744 | D:10     | Reached skill level 19 in Axes
  9965 | D:10     | Received a gift from Okawaru
 10057 | D:10     | You fall through a shaft!
 10066 | D:11     | Found a staircase to the Lair.
 10294 | D:10     | Found Xuyta Dyun's Armour Shoppe.
 10311 | D:10     | Bought a +0 pair of boots for 49 gold pieces
 10316 | D:10     | Bought a +1 pair of gloves for 126 gold pieces
 10665 | D:11     | Noticed a two-headed ogre
 10676 | D:11     | Killed a two-headed ogre
 10692 | D:11     | Noticed Nergalle
 10696 | D:11     | Noticed a spectral orc warlord
 10697 | D:11     | Noticed an unseen horror
 10698 | D:11     | HP: 1/75 [unseen horror (3)]
 10702 | D:11     | Slain by an unseen horror

Skill      XL: |  1  2  3  4  5  6  7  8  9 10 11 |
---------------+----------------------------------+-----
Axes           | 3 4 5 7 9 11 13 16 18 19 | 19.7
Fighting       | |  3.0
Armour         | |  3.6
Shields        | |  3.2

Action                   |  1- 3 |  4- 6 |  7- 9 | 10-12 || total
-------------------------+-------+-------+-------+-------++-------
Melee: War axe           |    85 |   159 |   309 |       ||   553
       Battleaxe         |       |       |    36 |   233 ||   269
Invok: Heroism           |       |       |       |     1 ||     1
  Use: Potion            |     1 |     6 |     2 |     4 ||    13
       Scroll            |       |     3 |     9 |     6 ||    18
 Stab: Invisible         |       |     2 |       |       ||     2
  Eat: Chunk             |       |     6 |     8 |     3 ||    17
       Meat ration       |       |       |       |     2 ||     2
Armor: Scale mail        |    41 |     2 |       |       ||    43
       Plate armour      |       |    87 |   154 |   115 ||   356
       Skin              |       |       |       |    15 ||    15
Dodge: Dodged            |    21 |    24 |    51 |    79 ||   175
Block: Shield            |    29 |    87 |   116 |       ||   232
